[Event "GER-chT States Women 2022"]
[Site "Braunfels"]
[Date "2022.06.19"]
[Round "5.14"]
[White "Werner, Rosalie"]
[Black "Timofeeva, Galina"]
[Result "1-0"]
[ECO "B42"]
[WhiteElo "1712"]
[BlackElo "1979"]
[Annotator "TA"]
[PlyCount "57"]
[EventDate "2022.06.15"]
[EventType "swiss"]
[EventCountry "GER"]
[SourceTitle "playchess.com"]
[Source "ChessBase"]
[SourceQuality "1"]
[TimeControl "40/5400+30:1800+30"]

1. e4 c5 2. Nf3 e6 3. d4 cxd4 4. Nxd4 a6 5. Bd3 Qc7 6. Qe2 d6 7. c4 Nf6 8. Nc3 Be7 9. O-O O-O 10. Bd2 {[%emt 0:01:02] B42: Sicilian: Kan Variation: 5 Bd3.} Nbd7 11. Kh1 Ne5 12. f4 {[%emt 0:09:31] The position is equal.} Nxd3 13. Qxd3 Bd7 14. Rae1 Rac8 (14... b5 {keeps more tension.} 15. cxb5 axb5 16. e5 dxe5 17. fxe5 Ng4) 15. b3 {[%emt 0:00:34] [#]} Qc5 $146 ({Predecessor:} 15... Bc6 16. f5 Qd7 17. Qg3 Kh8 18. Bg5 b5 19. Qh4 b4 20. Rf3 Ng8 21. f6 Bxf6 22. Rxf6 Nxf6 23. Bxf6 {0-1 (38) Hrbolka,L (2193)-Forman,S (2292) Czech Republic 2015}) 16. Rf3 {[%emt 0:11:37] White is more active.} (16. e5 $14 dxe5 17. fxe5) 16... Ng4 (16... Rfd8 $11) 17. h3 $14 e5 18. hxg4 exd4 {[%emt 0:00:06] A mistake that costs the game.} (18... Qxd4 $14 19. Qxd4 exd4) 19. Nd5 $18 Bd8 (19... Rfe8 $142 20. Bb4 Qa7) 20. Bb4 Qc6 21. f5 ({Don't take} 21. Qxd4 $6 Bxg4 22. Rfe3 b5 $18) 21... b5 22. cxb5 Qxb5 23. Bxd6 Re8 24. Qxd4 Rc2 (24... Bh4 $142) 25. a4 Qb7 26. Bb4 {[%emt 0:04:55] Strongly threatening Bc3.} Bh4 27. Rd1 Qc6 (27... Bc6 28. Bc3 f6) 28. Bc3 {[%emt 0:03:59][%csl Gc3][%cal Rd4g7] [#]} ({Weaker is} 28. Rc3 Rxc3 29. Bxc3 (29. Nxc3 Qh6 $16) 29... Qh6 $18) 28... f6 (28... Qh6 $142 29. Rh3 Bc6) 29. Nb4 {[%emt 0:03:32][%csl LRc2,LRc6,LRd7] Weighted Error Value: White=0.19 (very precise) /Black=0.46} 1-0

[Event "GER-chT States Women 2022"]
[Site "Braunfels"]
[Date "2022.06.19"]
[Round "5.15"]
[White "Noppes, Marina"]
[Black "Krausse, Vanessa"]
[Result "1-0"]
[ECO "E94"]
[WhiteElo "1922"]
[BlackElo "1632"]
[Annotator "TA"]
[PlyCount "67"]
[EventDate "2022.06.15"]
[EventType "swiss"]
[EventCountry "GER"]
[SourceTitle "playchess.com"]
[Source "ChessBase"]
[SourceQuality "1"]
[TimeControl "40/5400+30:1800+30"]

1. d4 {[%emt 0:02:40] Moehring,G} Nf6 2. c4 g6 3. Nf3 Bg7 4. Nc3 O-O 5. e4 d6 6. Be2 e5 7. O-O exd4 8. Nxd4 Re8 9. f3 c6 10. Bg5 h6 11. Bh4 g5 {[%emt 0:01:34] E94: King's Indian: Classical: 6 Be2 e5 7 0-0: Various Black 7th moves.} 12. Bf2 d5 {[%emt 0:00:46] [#]} 13. exd5 $146 (13. cxd5 $142 cxd5 14. Bb5) ({Predecessor:} 13. cxd5 cxd5 14. exd5 Nxd5 15. Nxd5 Qxd5 16. Nb5 Qxd1 17. Raxd1 Na6 18. Rd2 Be6 19. b3 {½-½ (62) Moehring,G (2340)-Kosanovic,G (2330) Gorzow Wielkopolski 1987 EXT 2015 [Moehring,G]}) 13... cxd5 $16 {[%emt 0:04:02] White is better.} 14. Qb3 Nc6 15. Nxc6 (15. Rad1 $16) 15... bxc6 $11 16. Rad1 $36 {[%emt 0:00:39][%cal Rc4d5][%mdl 2048] White has the initiative.} Bf5 17. Qa4 Nd7 18. Rd2 Nb6 $2 (18... d4 $1 $11 19. Ne4 (19. Bxd4 Nc5 $11) 19... Bxe4 20. fxe4 Nc5 21. Qxc6 Nxe4) 19. Qxc6 $16 Rc8 {[%emt 0:05:59] [#]} 20. Bxb6 {[%emt 0:00:39] White is more active.} Qxb6+ $2 (20... axb6 $11 21. Qb5 (21. Qxd5 Qe7 $17) 21... Bxc3 22. bxc3 {[#]} Rxe2 $1 23. Rxe2 Bd3) 21. Qxb6 $18 axb6 22. Nxd5 Re6 (22... Rb8 $142 23. f4 g4) 23. Rfd1 Rce8 24. Kf1 {[%emt 0:00:22] Hoping for Nc7.} Be5 {[%emt 0:02:45] Prevents Nc7.} 25. f4 (25. b3 $18) 25... Bg7 $2 {[%emt 0:04:32][%mdl 8192] Black cannot hold the game after this.} (25... gxf4 $16 {was worth a try.} 26. Bf3 Kg7) 26. Nc7 Rxe2 27. Rxe2 Rxe2 28. Rd8+ ({Not} 28. Kxe2 Bg4+ 29. Ke1 Bxd1 $18) 28... Kh7 29. Kxe2 Bxb2 30. Rd6 Bb1 (30... gxf4 $142 31. Nd5 Bg4+ 32. Kd3 Bf5+ 33. Kd2 Kg7 34. Nxf4 Be5 35. Nh5+ Kf8) 31. Rxb6 Bxa2 32. Rxb2 Bxc4+ 33. Ke3 Kg6 34. g4 {[%emt 0:00:30] Weighted Error Value: White=0.29 (precise) /Black=1.02} 1-0

[Event "GER-chT States Women 2022"]
[Site "Braunfels"]
[Date "2022.06.19"]
[Round "5.16"]
[White "Engel, Esther"]
[Black "Roesler, Hannah Clara"]
[Result "1/2-1/2"]
[ECO "A57"]
[WhiteElo "1751"]
[BlackElo "1718"]
[Annotator "NA RC"]
[PlyCount "45"]
[EventDate "2022.06.15"]
[EventType "swiss"]
[EventCountry "GER"]
[SourceTitle "playchess.com"]
[Source "ChessBase"]
[SourceQuality "1"]
[TimeControl "40/5400+30:1800+30"]

1. d4 Nf6 2. c4 c5 3. d5 b5 4. cxb5 a6 5. b6 Qxb6 6. Nc3 d6 7. e4 g6 8. a4 Bg7 9. a5 Qd8 10. f4 O-O 11. Nf3 Bg4 12. Be2 Bxf3 13. Bxf3 Nbd7 14. O-O Ne8 15. Kh1 Rb8 16. Be2 Nc7 17. Bc4 Nb5 18. Qd3 Nd4 19. Ne2 Nb5 20. Nc3 Nd4 21. Ne2 Nb5 22. Nc3 Nd4 23. Ne2 1/2-1/2

[Event "GER-chT States Women 2022"]
[Site "Braunfels"]
[Date "2022.06.19"]
[Round "5.17"]
[White "Khrapko, Marharyta"]
[Black "Koehler, Inken"]
[Result "1-0"]
[ECO "B32"]
[WhiteElo "2110"]
[BlackElo "2002"]
[Annotator "NA RC"]
[PlyCount "145"]
[EventDate "2022.06.15"]
[EventType "swiss"]
[EventCountry "GER"]
[SourceTitle "playchess.com"]
[Source "ChessBase"]
[SourceQuality "1"]
[TimeControl "40/5400+30:1800+30"]

1. e4 c5 2. Nf3 Nc6 3. d4 cxd4 4. Nxd4 e5 5. Nb5 a6 6. Nd6+ Bxd6 7. Qxd6 Qf6 8. Qd2 Nge7 9. b3 d5 10. exd5 Nd4 11. c3 Ndf5 12. Bb2 Nd6 13. c4 Bf5 14. Nc3 Rc8 15. f3 O-O 16. Bd3 b5 17. cxb5 axb5 18. O-O Qg6 19. Bxf5 Qxf5 20. Rfe1 Rfd8 21. Rac1 b4 22. Na4 Rxc1 23. Qxc1 Rc8 24. Qd2 Rc2 25. Qe3 f6 26. Rd1 Qg6 27. g4 Nef5 28. Qd3 Nh4 29. a3 Rg2+ 30. Kf1 Rxh2 31. Qxg6 hxg6 32. Rd3 e4 33. fxe4 Nxe4 34. axb4 Rf2+ 35. Ke1 Ng2+ 36. Kd1 Nf4 37. Rd4 Nd6 38. Bc1 g5 39. Nc3 Rf3 40. Bd2 Nd3 41. b5 Nc5 42. Rb4 Kf7 43. b6 Ke7 44. Kc2 Kd7 (44... Rh3 $142 45. Na4 Ncb7) 45. Nb5 Ndb7 46. Nd4 Rf2 47. Nf5 g6 {[%emt 0:01:20] [#]} 48. Ne3 $1 f5 49. Rc4 Ne4 50. Rc7+ Kd8 51. Nc4 $18 ({Less strong is} 51. Rxb7 Rxd2+ 52. Kc1 Rd3 53. gxf5 (53. Rb8+ Kd7 $11) 53... gxf5 54. Nxf5 Rxd5 $16) 51... Nxd2 52. Nxd2 Nd6 53. Kd3 fxg4 54. Rc6 Nb7 55. Rxg6 g3 56. Rxg5 Rf6 57. Rxg3 Rxb6 58. Kc4 Rh6 59. Rg8+ Kc7 60. Rg7+ Kb6 61. Kb4 Rh4+ 62. Nc4+ Ka6 63. Rg6+ Ka7 64. Kb5 Rh5 65. Kc6 Nd8+ 66. Kc5 Nb7+ 67. Kd4 Rh4+ 68. Kc3 Nc5 69. d6 Rh3+ 70. Kb4 Nxb3 71. d7 Rd3 72. Nd6 Nd4 73. Kc4 1-0

[Event "GER-chT States Women 2022"]
[Site "Braunfels"]
[Date "2022.06.19"]
[Round "5.18"]
[White "Braeutigam, Irina"]
[Black "Birkholz, Olga"]
[Result "0-1"]
[ECO "B53"]
[WhiteElo "2013"]
[BlackElo "1993"]
[Annotator "NA RC"]
[PlyCount "92"]
[EventDate "2022.06.15"]
[EventType "swiss"]
[EventCountry "GER"]
[SourceTitle "playchess.com"]
[Source "ChessBase"]
[SourceQuality "1"]
[TimeControl "40/5400+30:1800+30"]

1. e4 c5 2. Nf3 d6 3. d4 cxd4 4. Qxd4 Nc6 5. Qe3 Nf6 6. h3 g6 7. Be2 Bg7 8. O-O O-O 9. Rd1 Qc7 10. Nc3 a6 11. a4 Nb4 12. Bd3 Be6 13. Qf4 Nxd3 14. cxd3 Bb3 15. Re1 Nh5 16. Qh4 Bf6 17. Bg5 Bxg5 18. Qxg5 f6 19. Qe3 e5 20. d4 Be6 21. Rac1 Qe7 22. Ne2 Rac8 23. Nd2 g5 24. d5 Bd7 25. Qb3 b5 26. axb5 axb5 27. Rxc8 Rxc8 28. Rc1 Rxc1+ 29. Nxc1 Nf4 30. Qe3 f5 31. Ne2 fxe4 32. Qxe4 Qf7 33. Nxf4 gxf4 34. f3 $17 (34. Qd3 $11 {remains equal.}) 34... Bf5 35. Qe2 Qxd5 36. Ne4 Qd4+ 37. Kh2 d5 38. Nf6+ Kf7 39. Nh5 Kg6 40. g4 Bd3 41. Qd2 Qe3 42. Qxe3 fxe3 43. Kg2 d4 44. f4 Be4+ 45. Kf1 d3 46. fxe5 d2 0-1

[Event "GER-chT States Women 2022"]
[Site "Braunfels"]
[Date "2022.06.19"]
[Round "5.19"]
[White "Stangl, Anita"]
[Black "Gressmann, Hanna"]
[Result "0-1"]
[ECO "B07"]
[WhiteElo "2041"]
[BlackElo "1892"]
[Annotator "NA RC"]
[PlyCount "118"]
[EventDate "2022.06.15"]
[EventType "swiss"]
[EventCountry "GER"]
[SourceTitle "playchess.com"]
[Source "ChessBase"]
[SourceQuality "1"]
[TimeControl "40/5400+30:1800+30"]

1. e4 d6 2. d4 Nf6 3. Nc3 Nbd7 4. Nf3 e5 5. Bc4 Be7 6. O-O O-O 7. h3 c6 8. a4 a5 {[%emt 0:01:13] 8...h6 is the modern continuation.} 9. Qe2 h6 10. b3 {[%emt 0:04:49] [#]} exd4 $146 ({Predecessor:} 10... Nh7 11. Nd1 exd4 12. Nxd4 Bf6 13. c3 Re8 14. Qh5 Ne5 15. Be2 Ng6 16. Bd3 Ng5 17. Bxg5 hxg5 {0-1 (50) Martorell Aguado,J (2197)-Garcia Castro,P (2336) Barcelona 2006}) 11. Nxd4 Ne5 12. Ba3 Re8 13. Rad1 Bf8 14. Bd3 Nxd3 15. Qxd3 d5 16. Bxf8 Rxf8 17. e5 Nh7 18. f4 Re8 19. Rfe1 Qh4 20. Nce2 Nf8 21. Kh2 Ng6 22. Nf3 Qe7 23. g4 b6 24. Qe3 Qc7 25. Ned4 Bd7 26. Kg2 (26. f5 $5 Nxe5 27. Nxe5 $11) 26... c5 27. Nf5 d4 28. Qd2 Bc6 (28... f6 $17 29. Nd6 Rf8) 29. Nd6 Nh4+ 30. Kg3 Nxf3 31. Nxe8 Rxe8 32. Qd3 Nxe1 33. Rxe1 Qd8 34. Re2 Qd5 35. Rf2 $19 g5 36. Qf5 Bd7 37. Qf6 Qe6 38. fxg5 Qxe5+ 39. Qxe5 Rxe5 40. gxh6 Be6 41. Rf6 Rg5 42. Rf4 Rg6 43. h4 Rxh6 44. g5 Rg6 45. Re4 Bf5 46. Re2 Re6 47. Rf2 Bg6 48. Kg4 Kg7 49. h5 Bh7 50. Kg3 d3 51. cxd3 Re3+ 52. Kg4 Bxd3 53. h6+ Kf8 54. Rh2 Bh7 55. Rb2 Ke7 56. Kf4 Re4+ 57. Kf3 Ke6 58. Rd2 Rb4 59. Rd8 Kf5 0-1

[Event "GER-chT States Women 2022"]
[Site "Braunfels"]
[Date "2022.06.19"]
[Round "5.20"]
[White "Falke, Ornella"]
[Black "Braun, Kristin"]
[Result "1-0"]
[ECO "B52"]
[WhiteElo "1844"]
[BlackElo "1905"]
[Annotator "NA RC"]
[PlyCount "121"]
[EventDate "2022.06.15"]
[EventType "swiss"]
[EventCountry "GER"]
[SourceTitle "playchess.com"]
[Source "ChessBase"]
[SourceQuality "1"]
[TimeControl "40/5400+30:1800+30"]

1. e4 c5 2. Nf3 d6 3. Bb5+ Bd7 4. Bxd7+ Qxd7 5. c4 Nf6 6. Nc3 Nc6 7. d4 cxd4 8. Nxd4 g6 9. f3 Bg7 10. Be3 O-O 11. O-O Rac8 12. Qe2 Nxe4 13. fxe4 Nxd4 14. Qd3 Nc6 15. b3 b6 16. Rad1 Ne5 17. Qd2 Rfe8 18. Nd5 Qg4 19. Bg5 f6 20. Bf4 Qe6 21. Rfe1 h5 22. Bg3 Kh7 23. Nf4 Qg4 24. Qe2 Bh6 25. Nd5 Qxe2 26. Rxe2 Nd7 27. Be1 Kg7 28. g3 Kf7 29. Kh1 Ne5 30. Bc3 Nd7 31. Bd4 Nc5 32. Rf1 Nd7 33. Rf3 Bg5 34. h4 Bh6 35. Ref2 Bg7 36. Kh2 Rg8 37. a4 Bh8 38. a5 bxa5 39. Ra2 Nc5 40. Rxa5 g5 41. hxg5 Nxe4 42. Be3 Nxg5 43. Bxg5 Rxg5 44. Rxa7 Re5 45. Nb6 Rg8 46. b4 Re1 47. Kh3 h4 48. Kg2 hxg3 49. Rxg3 Rxg3+ 50. Kxg3 f5 51. Nd5 Be5+ 52. Kf3 Bd4 53. Rb7 Re4 54. b5 Bf6 55. Rc7 Re1 56. b6 Rb1 57. Ra7 Kg6 58. Ra5 Rb3+ 59. Ke2 e6 60. Nxf6 Kxf6 61. Rb5 1-0

[Event "GER-chT States Women 2022"]
[Site "Braunfels"]
[Date "2022.06.19"]
[Round "5.21"]
[White "Ankerst, Milka"]
[Black "Mundt, Alexandra"]
[Result "1-0"]
[ECO "B77"]
[WhiteElo "1931"]
[BlackElo "1782"]
[Annotator "TA"]
[PlyCount "67"]
[EventDate "2022.06.15"]
[EventType "swiss"]
[EventCountry "GER"]
[SourceTitle "playchess.com"]
[Source "ChessBase"]
[SourceQuality "1"]
[TimeControl "40/5400+30:1800+30"]

1. e4 g6 2. d4 Bg7 3. Nc3 c5 4. Nge2 cxd4 5. Nxd4 d6 6. Be3 Nf6 7. f3 Nc6 8. Qd2 O-O 9. Bc4 Ne5 10. Bb3 {[%emt 0:01:10] B77: Sicilian Dragon: Yugoslav Attack, 9 Bc4 sidelines.} a5 (10... Bd7 $14) 11. a4 $16 Bd7 12. O-O {[%emt 0:05:49] White is better.} Rc8 13. Kh1 h5 14. Qe2 h4 {[%emt 0:06:24] [#]} 15. Rad1 $146 {[%emt 0:08:00] White is more active.} ({Predecessor:} 15. Rg1 Kh7 16. Qf2 Rh8 17. Nd5 Kg8 18. Bg5 e6 19. Nxf6+ Bxf6 20. Be3 g5 21. h3 {½-½ (40) Horvath,K (2237)-Papp Zoltan,C (2294) Hungary 2009}) 15... h3 16. gxh3 Bxh3 17. Rg1 Qd7 18. Qf2 Nc4 19. Bc1 Rc5 {[%emt 0:02:17] [#]} 20. Nd5 ({Better is} 20. Nde2 $1 $16 {Qxc5 is the strong threat.} Be6 21. Qxc5 dxc5 22. Rxd7 Nxd7 23. Nf4) 20... Nxd5 $11 21. exd5 Rfc8 22. Qe2 $1 Bf5 23. c3 e5 (23... Bxd4 $11 {keeps the balance.} 24. Rxd4 b5) 24. dxe6 (24. Nxf5 $142 Qxf5 25. Rg4) 24... fxe6 $2 {[%emt 0:01:28][%mdl 8192] Black cannot hold the game after this.} (24... Bxe6 $16 25. Nxe6 Re5) 25. Nxf5 $18 Rxf5 26. Bxc4 Re5 27. Qd3 d5 28. Bb5 Qf7 29. Rxg6 {[%emt 0:01:54] [#] White wants to mate with Bh6.} Rc7 30. Rdg1 (30. Bh6 $142 Qf8 31. Rdg1 Rh5 32. Bxg7 Rxg7 33. Rxg7+ Qxg7 34. Rxg7+ Kxg7 35. Qd4+ Kf7 36. Bd3) 30... Qf8 31. Bh6 {[%emt 0:00:45] White mates.} Rh5 32. Rxg7+ Rxg7 33. Rxg7+ Kh8 34. Qh7# {[%emt 0:00:18] Weighted Error Value: White=0.21 (precise) /Black=0.96} 1-0

[Event "GER-chT States Women 2022"]
[Site "Braunfels"]
[Date "2022.06.19"]
[Round "5.22"]
[White "Braeutigam, Katerina"]
[Black "Spiel, Marianne"]
[Result "1-0"]
[ECO "C06"]
[WhiteElo "1860"]
[BlackElo "1910"]
[Annotator "TA"]
[PlyCount "65"]
[EventDate "2022.06.15"]
[EventType "swiss"]
[EventCountry "GER"]
[SourceTitle "playchess.com"]
[Source "ChessBase"]
[SourceQuality "1"]
[TimeControl "40/5400+30:1800+30"]

1. e4 e6 2. d4 d5 3. Nd2 Nf6 4. e5 Nfd7 5. Bd3 c5 6. c3 Nc6 7. Ne2 cxd4 8. cxd4 f6 9. exf6 Nxf6 10. Nf3 Bd6 11. O-O O-O 12. Bf4 Ng4 {[%emt 0:26:56] C06: French Tarrasch: 3...Nf6 4 e5 Nfd7 5 Bd3 main lines.} 13. Bxd6 Qxd6 14. Ng3 e5 {[%emt 0:03:13] White is slightly better.} 15. dxe5 Ncxe5 16. Nxe5 Qxe5 17. Qb3 {[%emt 0:11:43] [#]} Rf7 $146 ({Black should try} 17... b6 $14) ({Predecessor:} 17... Kh8 18. Qb4 Be6 19. Rae1 Qf6 20. Bb1 Rae8 21. Qd2 a6 22. h3 Nh6 23. Qb4 Bd7 24. Rxe8 Bxe8 {½-½ (40) Waffenschmidt,L (1885)-Rauch,S (1901) Braunschweig 2019}) 18. Rae1 $18 Qd6 19. Re8+ Rf8 20. Rxf8+ Kxf8 21. Rd1 (21. Bxh7 $18 {Threatens to win with Rd1.} b6 22. h3 (22. Qf3+ Nf6 $16)) 21... Qc5 22. Bxh7 {[%emt 0:03:13] [#] Hoping for Nh5. Active counter play!} Qxf2+ 23. Kh1 {[%emt 0:00:04] Dancing on a razor blade.} Ne3 24. Rg1 (24. Qb4+ $16 Kf7 25. Rg1) 24... Ke7 $2 (24... a5 $1 $11 {and Black is okay.} 25. Qb6 Bh3 26. Qc5+ (26. Qd6+ Kf7 $11) 26... Kf7) 25. Qb4+ ({Don't do} 25. Qc3 $6 Bh3 26. Qxg7+ Kd8 27. Qh8+ (27. Qg5+ Kd7 $18) 27... Ke7 28. Qg7+ Kd8 29. Qh8+ (29. Qg5+ Kd7 $18) 29... Ke7 30. Qe5+ Kd7 31. Qg7+ Kd8 $18) 25... Ke6 $2 {[%emt 0:01:07] [#]} (25... Kf7 26. Nh5 (26. Qd6 Bh3 $11) 26... g6) 26. Qe1 $2 (26. Qc5 $18) 26... Qf4 $2 (26... Qxe1 $16 27. Rxe1 d4) 27. Rf1 Qh6 (27... Qe5 $142 28. Rf8 Kd6 29. Qb4+ Kc6) 28. Nf5 Qxh7 29. Qxe3+ {[%emt 0:00:04] White mates.} Kd7 30. Qe7+ Kc6 31. Rc1+ Kb5 32. Nd4+ Ka6 33. Qa3+ {[%emt 0:00:10] Weighted Error Value: White=0.64/Black=1.18} 1-0

[Event "GER-chT States Women 2022"]
[Site "Braunfels"]
[Date "2022.06.19"]
[Round "5.23"]
[White "Schilay, Eva"]
[Black "Leib, Britta"]
[Result "0-1"]
[ECO "C01"]
[WhiteElo "1691"]
[BlackElo "1906"]
[Annotator "TA"]
[PlyCount "64"]
[EventDate "2022.06.15"]
[EventType "swiss"]
[EventCountry "GER"]
[SourceTitle "playchess.com"]
[Source "ChessBase"]
[SourceQuality "1"]
[TimeControl "40/5400+30:1800+30"]

1. e4 e6 2. d4 d5 3. exd5 exd5 4. Bd3 Bd6 5. h3 Ne7 6. Nf3 O-O 7. O-O c6 {[%emt 0:12:45] C01: French: Exchange Variation.} 8. c3 Bf5 9. Re1 Nd7 $2 {[%emt 0:11:15] [#]} (9... Na6 $11 {and Black has nothing to worry.}) 10. Rxe7 $146 {[%emt 0:12:39] Strongly threatening Re1.} ({Predecessor:} 10. Qc2 Bxd3 11. Qxd3 Qc7 12. Be3 Rfe8 13. Nbd2 Ng6 14. Rac1 Re6 15. c4 Nf6 16. c5 {½-½ (68) Kroselj,L (1666)-Vidrih,J (1726) Rogaska Slatina 2010}) 10... Bxh3 (10... Bxd3 $142 11. Rxd7 Qxd7) 11. Bxh7+ $2 ({White should play} 11. Re1 $18 Bg4 12. Nbd2) 11... Kxh7 $14 12. Qd3+ Kg8 {[%emt 0:04:24] [#]} 13. Ng5 $1 Nf6 {[%emt 0:00:08] Against Qh7+} 14. Rxb7 (14. Rxf7 $1 $14 {was the only good move.} Rxf7 15. Nxf7 Kxf7 16. Qxh3) 14... Bc8 $17 {[%emt 0:03:28] White is on the road to losing.} 15. Rb3 a5 {[%emt 0:01:06][%cal Ba7a5,Ba5a4][%mdl 1056] Black has strong compensation.} 16. c4 Re8 17. Be3 Ne4 $36 {[%emt 0:05:20][%mdl 2048] Black has strong initiative.} 18. Nf3 (18. c5 $17 {was necessary.}) 18... a4 19. Rc3 Nxc3 20. Qxc3 dxc4 21. Qxc4 (21. Na3 $142) 21... Be6 $19 22. Qc2 Bd5 {[%emt 0:02:41] aiming for ...Bxf3. This bishop pair is nice.} 23. Nbd2 g6 24. Qd1 (24. Nc4 $142) 24... Qf6 25. b3 (25. Rc1 $142) 25... axb3 26. Nxb3 (26. axb3 {only move.} Rxa1 27. Qxa1) 26... Bf4 27. Bxf4 Qxf4 28. Kf1 $2 (28. Qc1 Qxc1+ 29. Rxc1) 28... Ra3 {[%emt 0:01:40] Black is clearly winning.} 29. Ne5 (29. Qd2 $142 Qb8 30. Qc3) 29... Qh2 30. Qc1 Qh1+ 31. Ke2 Qxc1 32. Nxc1 f6 {[%emt 0:00:03] Weighted Error Value: White=0.85/Black=0.73} 0-1

[Event "GER-chT States Women 2022"]
[Site "Braunfels"]
[Date "2022.06.19"]
[Round "5.24"]
[White "Freter, Anke"]
[Black "Schaefer, Ann-Kathrin"]
[Result "1-0"]
[ECO "B24"]
[WhiteElo "1856"]
[BlackElo "1680"]
[Annotator "NA RC"]
[PlyCount "47"]
[EventDate "2022.06.15"]
[EventType "swiss"]
[EventCountry "GER"]
[SourceTitle "playchess.com"]
[Source "ChessBase"]
[SourceQuality "1"]
[TimeControl "40/5400+30:1800+30"]

1. e4 c5 2. Nc3 Nc6 3. g3 g6 4. Bg2 Bg7 5. d3 e6 6. f4 Nge7 7. Nf3 d5 8. e5 Rb8 9. O-O b5 10. g4 b4 11. Ne2 O-O 12. Ng3 c4 13. dxc4 Qb6+ 14. Kh1 dxc4 15. Ne4 a5 16. Qe1 Nd5 17. g5 Ba6 18. Nf6+ Bxf6 19. gxf6 c3 20. Qh4 Bxf1 21. Qh6 Bxg2+ 22. Kxg2 Nxf6 23. exf6 cxb2 24. Qg7# 1-0

[Event "GER-chT States Women 2022"]
[Site "Braunfels"]
[Date "2022.06.19"]
[Round "5.25"]
[White "Hund, Sarah"]
[Black "Rieping, Lea"]
[Result "0-1"]
[ECO "B01"]
[WhiteElo "2086"]
[BlackElo "1912"]
[Annotator "NA RC"]
[PlyCount "66"]
[EventDate "2022.06.15"]
[EventType "swiss"]
[EventCountry "GER"]
[SourceTitle "playchess.com"]
[Source "ChessBase"]
[SourceQuality "1"]
[TimeControl "40/5400+30:1800+30"]

1. e4 d5 2. exd5 Qxd5 3. Nc3 Qa5 4. Bc4 Nf6 5. d3 Bg4 6. f3 Bh5 7. Bd2 Qc5 8. Qe2 Nc6 9. O-O-O Nd4 10. Qe3 O-O-O 11. Nge2 e5 12. Rhe1 Bd6 13. h4 Bg6 14. g4 h5 15. g5 Nd7 16. Ng3 Nb6 17. Nge4 Nxc4 18. dxc4 Qxc4 19. Kb1 Bb4 20. Rc1 Kb8 21. a3 Ba5 22. Red1 Bb6 23. Na2 Ne2 24. Qb3 Qxb3 25. cxb3 Nxc1 26. Kxc1 Rd3 27. Rf1 Rhd8 28. Bc3 Be3+ 29. Kc2 Bf4 30. Bb4 Rxf3 31. Re1 Re3 32. Rxe3 Bxe3 33. Nac3 Rd4 0-1

[Event "GER-chT States Women 2022"]
[Site "Braunfels"]
[Date "2022.06.19"]
[Round "5.26"]
[White "Nizamova, Rita"]
[Black "Kuehnel, Lena"]
[Result "1-0"]
[ECO "C51"]
[WhiteElo "1814"]
[BlackElo "1928"]
[Annotator "TA"]
[PlyCount "75"]
[EventDate "2022.06.15"]
[EventType "swiss"]
[EventCountry "GER"]
[SourceTitle "playchess.com"]
[Source "ChessBase"]
[SourceQuality "1"]
[TimeControl "40/5400+30:1800+30"]

1. e4 e5 2. Nf3 Nc6 3. Bc4 Bc5 4. b4 Bxb4 5. c3 Bd6 6. d4 Nf6 {[%emt 0:05:12] C51: Evans Gambit: Declined and Accepted without 5...Ba5.} 7. O-O h6 (7... Nxe4 8. dxe5 Nxe5 9. Re1 Nxc4 10. Rxe4+ Be7 11. Rxc4 $16) 8. dxe5 Bxe5 {[%emt 0:01:57] [#] The position is equal.} (8... Nxe5 9. Nxe5 Bxe5 10. f4 $16) 9. Nh4 $146 (9. Nxe5 $11 Nxe5 10. Bb3) ({Predecessor:} 9. Nxe5 Nxe5 10. Bb3 d6 11. f4 Nc6 12. Ba3 O-O 13. e5 dxe5 14. Bxf8 Qxf8 15. fxe5 Nxe5 {1-0 (38) Khader,S (2378)-Paramzina,A (2256) Sharjah 2021}) 9... O-O $15 10. f4 $1 {[%emt 0:03:51] [#]} Nxe4 $1 11. fxe5 $14 Nxe5 {[%emt 0:04:44] [#]} (11... Qxh4 $14 12. Rf4 Nf2 13. Rxh4 (13. Qe2 Nh3+ 14. gxh3 Qg5+ 15. Kh1 Qxe5 $14) 13... Nxd1) 12. Qd5 (12. Qd4 $1 $16 Qxh4 13. Qxe5) 12... Nxc4 13. Qxe4 d5 14. Qe1 $36 {[%emt 0:00:52][%mdl 2048] White has good play.} Qd6 15. Nd2 Ne5 ({Black should play} 15... Qc5+ $14 16. Kh1 Nd6) 16. Qg3 (16. Ba3 c5 $14) (16. Nb3 $142) 16... Bd7 (16... Nc4 $16 {was worth a try.}) 17. Nb3 $18 c5 $2 {[%emt 0:02:27] A mistake that costs the game.} (17... Ng6 $16 {might work better.} 18. Qxd6 cxd6) 18. Bf4 Rae8 19. Rae1 f6 20. Ng6 ({Don't do} 20. Bxh6 Rf7 21. Bf4 b6 $18) 20... Rf7 21. Bxe5 fxe5 22. Rxf7 {[%emt 0:00:15] The board is on fire.} Kxf7 23. Nxe5+ {[%emt 0:00:54] Pair of Knights!} Kg8 24. Nxd7 Qxd7 25. Rxe8+ Qxe8 26. Nxc5 Qe2 27. h3 ({Weaker is} 27. Nxb7 Qd1+ 28. Kf2 Qc2+ 29. Kf1 Qb1+ 30. Kf2 Qxb7 $11) 27... b6 28. Nd7 Qxa2 29. Nf6+ Kf7 30. Nh5 g5 (30... Qb1+ {is a better defense.} 31. Kh2 Qg6) 31. Qf3+ Kg6 $2 (31... Ke6 $18 32. Qf8 Qd2 33. Qxh6+ Kd7) 32. Ng3 (32. Qf6+ $142 Kxh5 33. Qf7+ Kh4 34. Qf3 Qc4 35. Kh2 Qf4+ 36. g3+ Qxg3+ 37. Qxg3+ Kh5 38. Qd3 a5 39. Qf5 b5 40. Kg3 b4 41. Qf7#) 32... Qb1+ 33. Kh2 a5 34. Qxd5 {[%emt 0:00:25] White mates.} Qc2 35. Qe6+ Kh7 36. Qf7+ Kh8 37. Qf6+ Kh7 38. Nf5 {[%emt 0:00:10] Weighted Error Value: White=0.20 (precise) /Black=0.86} 1-0

[Event "GER-chT States Women 2022"]
[Site "Braunfels"]
[Date "2022.06.19"]
[Round "5.27"]
[White "Kohm, Vanessa"]
[Black "Moeller, Hannah"]
[Result "1-0"]
[ECO "E70"]
[WhiteElo "1772"]
[BlackElo "1833"]
[Annotator "NA RC"]
[PlyCount "69"]
[EventDate "2022.06.15"]
[EventType "swiss"]
[EventCountry "GER"]
[SourceTitle "playchess.com"]
[Source "ChessBase"]
[SourceQuality "1"]
[TimeControl "40/5400+30:1800+30"]

1. d4 Nf6 2. c4 g6 3. Nc3 Bg7 4. e4 d6 5. Bd3 c6 6. Nge2 Nbd7 7. O-O O-O 8. Bg5 h6 9. Bd2 e5 10. d5 Nc5 11. Bc2 cxd5 12. cxd5 Qb6 13. Rb1 Nh7 14. b4 Na6 15. Be3 Qd8 16. f4 exf4 17. Bxf4 Bg4 18. Qd2 g5 19. Be3 Rc8 20. Nb5 Ra8 21. Nxa7 Nf6 22. Nb5 Re8 23. Nec3 Qe7 24. Bd4 Bd7 25. Rfe1 Bxb5 26. Nxb5 Nc7 27. Nc3 Nd7 28. a4 Ne5 29. Bb3 Na6 30. Ne2 Rac8 31. Ng3 Qf6 32. Nf5 Bh8 33. a5 Qg6 34. Ba4 Nc4 35. Qd3 1-0